 Dungeon Crawl Stone Soup version 0.21.1-1-g345015f (webtiles) character file.

5345 Mgcat the Fighter (level 10, -10/77 HPs)
             Began as a Human Fighter on Feb 25, 2018.
             Was a Priest of Ru.
             Mangled by a death yak (16 damage)
             ... on level 7 of the Dungeon on Feb 28, 2018.
             The game lasted 00:39:25 (9623 turns).

Mgcat the Fighter (Human Fighter)                   Turns: 9623, Time: 00:39:26

Health: -10/77     AC: 12    Str: 18    XL:     10   Next: 96%
Magic:  10/10      EV:  7    Int:  8    God:    Ru [***...]
Gold:   177        SH: 10    Dex: 15    Spells: 9/9 levels left

rFire    . . .     SeeInvis .   a - +3 war axe
rCold    . . .     Gourm    +   c - +0 shield
rNeg     + . .     Faith    .   b - +0 scale mail
rPois    .         Spirit   .   q - +0 helmet
rElec    .         Reflect  .   D - scarf {repulsion}
rCorr    .         Harm     .   j - +0 pair of gloves
MR       .....                  (no boots)
Stlth    ..........             w - amulet of the gourmand {Gourm, !d}
HPRegen  0.22/turn              k - +3 ring of protection
MPRegen  0.12/turn              h - ring of positive energy {rN+}

@: about to teleport, repel missiles
A: frail 1, no stealth
a: Draw Out Power, Renounce Religion


You were on level 7 of the Dungeon.
You worshipped Ru.
Ru was most pleased with you.
You were very full.

You visited 2 branches of the dungeon, and saw 9 of its levels.
You also visited: Bailey.

You collected 507 gold pieces.
You spent 330 gold pieces at shops.

Inventory:

Hand Weapons
 a - a +3 war axe (weapon)
 x - a +0 trident
   (You took it off an orc in a bailey)
 M - a +3 flail of holy wrath
   (You took it off an orc in a bailey)
Missiles
 n - 203 stones
 A - 13 javelins of returning
 F - 2 throwing nets {=f, !d}
 K - 3 tomahawks (quivered)
Armour
 b - a +0 scale mail (worn)
 c - a +0 shield (worn)
 j - a +0 pair of gloves (worn)
   (You found it on level 4 of the Dungeon)
 q - a +0 helmet (worn)
   (You took it off Robin on level 2 of the Dungeon)
 t - a +0 plate armour
   (You found it on level 4 of the Dungeon)
 D - a scarf of repulsion (worn)
   (You bought it in a shop on level 6 of the Dungeon)
 L - a +0 chain mail
   (You took it off an orc in a bailey)
 N - a +0 crystal plate armour
   (You took it off an orc warrior in a bailey)
Jewellery
 h - a ring of positive energy (right hand) {rN+}
   (You found it on level 1 of the Dungeon)
 k - a +3 ring of protection (left hand)
   (You found it on level 1 of the Dungeon)
 p - an uncursed ring of positive energy {rN+}
   (You found it on level 2 of the Dungeon)
 w - an amulet of the gourmand (around neck) {Gourm, !d}
   (You found it on level 5 of the Dungeon)
 C - an uncursed ring of wizardry {Wiz+, !d}
   (You found it on level 7 of the Dungeon)
Wands
 r - a wand of iceblast (7)
   (You found it on level 7 of the Dungeon)
 y - a wand of disintegration (19)
   (You found it on level 5 of the Dungeon)
 B - a wand of digging (13)
   (You found it on level 6 of the Dungeon)
 I - a wand of polymorph (16)
   (You found it on level 8 of the Dungeon)
Scrolls
 g - 2 scrolls of remove curse
 v - a scroll of teleportation
 G - a scroll of identify
 H - a scroll of amnesia
 J - 4 scrolls of enchant weapon
Potions
 e - a potion of curing
 i - a potion of cancellation {unknown}
 l - a potion of brilliance {unknown}
 m - a potion of flight {unknown}
 o - a potion of ambrosia {unknown}
 s - 2 potions of degeneration {!q}
 z - a potion of resistance {unknown}
 E - a potion of magic {unknown}
Miscellaneous
 O - a crystal ball of energy
   (You found it in a bailey)
Comestibles
 d - 2 chunks of flesh {@w0}
 f - 21 rations


   Skills:
 + Level 10.5 Fighting
 + Level 10.4 Axes
 + Level 3.0 Throwing
 + Level 4.4 Armour
 + Level 4.4 Shields


You had 9 spell levels left.
You didn't know any spells.

Dungeon Overview and Level Annotations

Branches:
Dungeon (8/15)             Temple (1/1) D:4            Lair (0/6) D:8

Altars:
Fedhas
Gozag
Kikubaaqudgha
Okawaru
Ru
Sif Muna
Trog
Vehumet
Wu Jian
Yredelemnul
Zin
The Shining One

Shops:
D:6 **:*


Innate Abilities, Weirdness & Mutations

You are frail. (-10% HP)
You cannot be stealthy.


Message History

Throwing (i - inventory. (,) - cycle):
K - 5 tomahawks (quivered)
Press: ? - help, Shift-Dir - straight line, f - hound
Aim: a hound You throw a tomahawk.
The tomahawk barely misses the hound.
You hit the hound.
The hound is lightly wounded.
The hound completely misses you. The hound bites you but does no damage.
You closely miss the hound.
The hound is lightly wounded.
The hound closely misses you.
A hippogriff comes into view.
The hippogriff screeches!
You hit the hound.
The hound is moderately wounded.
You hear a bellow!
The hound bites you but does no damage. You block the hound's attack.
You hit the hound.
The hound is moderately wounded.
The hound bites you but does no damage. The hound completely misses you.
You closely miss the hound.
The hound is moderately wounded.
You block the hound's attack.
A death yak comes into view.
You hit the hound.
The hound is heavily wounded.
The hound barely misses you. You block the hound's attack.
You closely miss the hound.
The hound is heavily wounded.
The hound closely misses you.
The hound stops to sniff the ground.
You block the hound's attack.
The hound stops to sniff the ground.
The hound bites you. The hound closely misses you.
There is a stone staircase leading up here.
You block the hound's attack. The hound bites you.
You climb upwards.
There is a stone staircase leading down here.
You slash the hound!
You kill the hound!
You see here a hound corpse.
You butcher the hound corpse.
d - 2 chunks of flesh {@w0}
There is a stone staircase leading down here.
You climb downwards.
The hippogriff bites you. The hippogriff pecks you. The hippogriff claws you.
There is a stone staircase leading up here.
The hippogriff bites you. The hippogriff pecks you.
You block the hippogriff's attack.
A death yak comes into view.
You see here a ration.
f - 21 rations (gained 1)
The hippogriff barely misses you. x2; You block the hippogriff's attack.
You slash the hippogriff!
The hippogriff is moderately wounded.
Okay, then.
As you read the scroll of teleportation, it crumbles to dust.
You feel strangely unstable.
You see here 13 gold pieces.
Your surroundings seem slightly different.
You see here a twisted golden ring.
Found a stone staircase leading up.
Throwing (i - inventory. (,) - cycle):
K - 4 tomahawks (quivered)
Press: ? - help, Shift-Dir - straight line, f - death yak
Aim: a death yak You throw a tomahawk.
The tomahawk hits the death yak but does no damage.
Okay, then.
Okay, then.
Unknown command.
Unknown command.
You slash the death yak!
The death yak is lightly wounded.
You block the death yak's attack.
There is a stone staircase leading up here.
The death yak gores you.
You climb upwards.
There is a stone staircase leading down here.
You hit the death yak.
The death yak is lightly wounded.
The death yak gores you!
You hit the death yak.
The death yak is moderately wounded.
The death yak gores you!
You hit the death yak but do no damage.
The death yak is moderately wounded.
The death yak gores you!
* * * LOW HITPOINT WARNING * * *
As you read the scroll of fear, it crumbles to dust.
You assume a fearsome visage.
The death yak easily resists.
The death yak gores you.
* * * LOW HITPOINT WARNING * * *
The death yak gores you!!
* * * LOW HITPOINT WARNING * * *
Evoke which item? (* to show all) (? for menu, Esc to quit)
Okay, then.
As you read the scroll of teleportation, it crumbles to dust.
You feel strangely unstable. The death yak gores you!
You die...

####..# #..##.#.#<...#
###...#######.###.#.#.#..#
..........##......#.#.#..#
#....####.##..#####.#.#..#
#.........##..........####
#...#######......##.###
#.....# #.#.........#
......# #.#....Y.####
......###.#.####@#
...)..#.....# #.#
......#.###.# #.#
........##..# #.#
......#.##..####.#
.....<...........#
.#.##.......+....#
.#.##......##....#
##.##......##....#


You could see a death yak.

Vanquished Creatures
  A death yak (D:8)
  The ghost of Verr the Grappler, a novice TrMo of Ru (D:8)
  Menkaure (D:4)
  A water moccasin (D:7)
  12 orc warriors
  An ice beast (D:7)
  3 sky beasts
  A phantom (D:7)
  10 centaurs
  4 ogres
  A crocodile (D:5)
  5 scorpions
  A howler monkey (D:8)
  2 crimson imps
  2 jellies
  4 hounds
  A bullfrog skeleton (D:6)
  A centaur skeleton (D:5)
  3 iguanas
  6 worker ants
  A hound zombie (D:6)
  A hound skeleton (D:6)
  Robin (D:2)
  8 adders
  A river rat (D:8)
  3 shadow imps
  2 oozes
  An adder skeleton (D:4)
  An adder zombie (D:7)
  2 worms (D:3)
  A dart slug (D:5)
  8 leopard geckos
  27 orcs
  3 ball pythons
  4 giant cockroaches
  22 goblins
  7 hobgoblins
  3 jackals (D:2)
  A quokka (D:2)
  11 bats
  5 frilled lizards
  11 kobolds
  A quokka zombie (D:5)
  7 rats
193 creatures vanquished.

Notes
Turn   | Place    | Note
-------+----------+-------------------------------------------
     0 | D:1      | Mgcat the Human Fighter began the quest for the Orb.
     0 | D:1      | Reached XP level 1. HP: 18/18 MP: 1/1
   159 | D:1      | Reached XP level 2. HP: 21/24 MP: 2/2
   624 | D:1      | Reached XP level 3. HP: 29/29 MP: 3/3
  1069 | D:2      | Reached skill level 3 in Axes
  1131 | D:2      | Found an opulent altar of Gozag.
  1221 | D:2      | Reached XP level 4. HP: 35/37 MP: 4/4
  1235 | D:2      | Noticed Robin
  1311 | D:2      | Reached skill level 4 in Fighting
  1340 | D:2      | Killed Robin
  1544 | D:2      | p0werm0de: https://discord.gg/fmxJbS XTAHUA GANG discord server !! join to keep in touch with local players !! WELCOME
  1925 | D:3      | Reached XP level 5. HP: 35/42 MP: 5/5
  2271 | D:3      | Found a deep blue altar of Sif Muna.
  2546 | D:3      | Reached skill level 4 in Axes
  2721 | D:4      | Found a staircase to the Ecumenical Temple.
  2732 | Temple   | Entered the Ecumenical Temple
  2820 | Temple   | Became a worshipper of Ru the Awakened
  3091 | D:4      | Noticed Menkaure
  3117 | D:4      | Killed Menkaure
  3117 | D:4      | Reached skill level 5 in Fighting
  3117 | D:4      | Reached XP level 6. HP: 51/51 MP: 6/6
  3343 | D:5      | Entered Level 5 of the Dungeon
  3391 | D:5      | Reached skill level 5 in Axes
  3551 | D:5      | Noticed a sky beast
  3566 | D:5      | Killed a sky beast
  3566 | D:5      | Reached XP level 7. HP: 36/57 MP: 7/7
  3649 | D:5      | Reached skill level 6 in Fighting
  3852 | D:5      | Found a blossoming altar of Fedhas.
  4127 | D:5      | Reached skill level 6 in Axes
  4169 | D:5      | Reached XP level 8. HP: 57/65 MP: 8/8
  4247 | D:5      | Found a bloodstained altar of Trog.
  4391 | D:6      | Found Upoquf's Assorted Antiques.
  4481 | D:6      | Reached skill level 7 in Fighting
  4513 | D:6      | Gained mutation: You cannot be stealthy. [Ru sacrifice]
  4520 | D:6      | Found Jiymme's Book Shoppe.
  4548 | D:6      | Reached skill level 7 in Axes
  4665 | D:6      | Found Cobb's Assorted Antiques.
  4684 | D:6      | Bought a runed scarf for 216 gold pieces
  4721 | D:6      | Reached skill level 8 in Fighting
  4721 | D:6      | Reached XP level 9. HP: 57/74 MP: 9/9
  4754 | D:6      | Found Heuch's General Store.
  4777 | D:6      | Bought a cursed amulet of inaccuracy for 24 gold pieces
  4777 | D:6      | Bought a scroll of enchant weapon for 90 gold pieces
  5233 | D:6      | Reached skill level 8 in Axes
  5904 | D:7      | Found an ancient bone altar of Kikubaaqudgha.
  5906 | D:7      | Found a blossoming altar of Fedhas.
  5984 | D:7      | Found a basalt altar of Yredelemnul.
  5989 | D:7      | Reached skill level 9 in Fighting
  6089 | D:7      | Found an ornate altar of the Wu Jian Council.
  6183 | D:7      | Found a flagged portal.
  6303 | D:7      | Reached skill level 9 in Axes
  6530 | D:8      | Noticed Verr's ghost (novice TrMo)
  6553 | D:8      | Killed Verr's ghost
  6553 | D:8      | Reached XP level 10. HP: 28/85 MP: 10/10
  6557 | D:8      | Found a flagged portal.
  6677 | Bailey   | Entered a bailey
  6704 | Bailey   | Gained mutation: You are frail. (-10% HP) [Ru sacrifice]
  6704 | Bailey   | Reached * piety under Ru
  6704 | Bailey   | Reached ** piety under Ru
  6704 | Bailey   | Reached *** piety under Ru
  6897 | Bailey   | Reached skill level 10 in Fighting
  7112 | Bailey   | Reached skill level 10 in Axes
  7444 | Bailey   | Reached skill level 1 in Throwing
  7827 | Bailey   | HP: 13/76 [orc warrior/glaive (20)]
  8584 | Bailey   | Reached skill level 2 in Throwing
  8944 | Bailey   | Reached skill level 4 in Armour
  8944 | Bailey   | Reached skill level 4 in Shields
  9236 | D:8      | Found a staircase to the Lair.
  9237 | D:8      | Noticed a death yak
  9260 | D:8      | HP: 18/77 [death yak (14)]
  9262 | D:8      | Killed a death yak
  9487 | D:8      | Reached skill level 3 in Throwing
  9501 | D:8      | Noticed a death yak
  9524 | D:8      | Noticed a death yak
  9555 | D:7      | HP: 15/77 [death yak (16)]
  9619 | D:7      | HP: 6/77 [death yak (18)]
  9623 | D:7      | Mangled by a death yak

Skill      XL: |  1  2  3  4  5  6  7  8  9 10 |
---------------+-------------------------------+-----
Axes           | 3 4 5 6 7 9 10 | 10.4
Fighting       | 4 5 6 8 9 10 | 10.5
Throwing       | 3 |  3.0
Armour         | 4 |  4.4
Shields        | 4 |  4.4

Action                   |  1- 3 |  4- 6 |  7- 9 | 10-12 || total
-------------------------+-------+-------+-------+-------++-------
Melee: War axe           |   108 |   194 |   272 |   144 ||   718
       Trident           |       |       |       |    70 ||    70
Throw: Stone             |       |       |     7 |    80 ||    87
       Tomahawk          |       |       |       |    36 ||    36
       Javelin           |       |       |       |     4 ||     4
Invok: Sacrifice Stealth |       |       |     1 |       ||     1
       Sacrifice Health  |       |       |       |     1 ||     1
Evoke: Wand              |       |       |       |     3 ||     3
  Use: Scroll            |       |     8 |     7 |     4 ||    19
       Potion            |       |       |     4 |     5 ||     9
 Stab: Invisible         |       |       |       |     8 ||     8
       Distracted        |       |       |       |     1 ||     1
  Eat: Chunk             |     1 |     8 |    19 |     9 ||    37
Armor: Scale mail        |    58 |    95 |   130 |    74 ||   357
Dodge: Dodged            |    45 |    64 |   102 |    85 ||   296
       Deflected         |       |       |     1 |    17 ||    18
Block: Shield            |    56 |    88 |   117 |   130 ||   391

Vault maps used:
D:1:      dpeg_arrival_arbitrary_a
D:2:      grunt_gozag_breadcrumbs, lightli_corner_chamber, uniq_robin
D:3:      first_ration, bh_chokoban, st_stairs_10, hangedman_feature_mirror,
          led_sif_pool
D:4:      minmay_temple_entry_water_ring, uniq_crazy_yiuf_cottage, uniq_menkaure
D:5:      lightli_temple_of_fire, minmay_holes, fedhas_bush_and_centaur_altar
D:6:      serial_shops, nicolae_shop_window_shopping, kennysheep_little_box,
          shop, shop_statue
D:7:      grunt_temple_overflow_growth_and_decay,
          nicolae_overflow_hidden_temple, kennysheep_mini_moat, enter_bailey_3
D:8:      nemelex_xobeh_ov_fountains_minmay, dpeg_lair_monsters, enter_bailey_1,
          serial_shops, shop, uniq_erica
Temple:   nicolae_temple_figure_eight
Bailey:   bailey_polearm_flooded_kennysheep, bailey

Table legend:
 A = Turns spent in this place as a percentage of turns spent in the entire game.
 B = Non-inter-level travel turns spent in this place as a percentage of non-inter-level travel turns spent in the entire game.
 C = Inter-level travel turns spent in this place as a percentage of turns spent in this place.
 D = Turns resting spent in this place as a percentage of non-inter-level travel turns spent in this place.
 E = Turns spent auto-exploring this place as a percentage of non-inter-level travel turns spent in this place.
 F = Non-inter-level travel turns spent in this place divided by the number of levels of this place that you've seen.
                   A       B       C       D       E      F
               +-------+-------+-------+-------+-------+----------------------
         Total | 100.0 | 100.0 |   2.4 |  15.6 |  56.4 | 939.6
       Dungeon |  72.7 |  72.0 |   3.2 |   4.6 |  72.3 | 846.0
        Temple |   1.0 |   1.1 |   0.0 |   0.0 |  83.8 |  99.0
        Bailey |  26.3 |  26.9 |   0.0 |  45.7 |  12.7 | 2529.0
               +-------+-------+-------+-------+-------+----------------------

Table legend:
 A = Kills in this place as a percentage of kills in entire the game.
 B = Kills by you in this place as a percentage of kills by you in the entire game.
 C = Kills by friends in this place as a percentage of kills by friends in the entire game.
 D = Other kills in this place as a percentage of other kills in the entire game.
 E = Experience gained in this place as a percentage of experience gained in the entire game.
 F = Experience gained in this place divided by the number of levels of this place that you have seen.
                   A       B       C       D       E      F
               +-------+-------+-------+-------+-------+----------------------
         Total | 100.0 | 100.0 |   N/A |   N/A | 100.0 | 763.6
       Dungeon |  79.8 |  79.8 |   N/A |   N/A |  70.2 | 669.6
        Bailey |  20.2 |  20.2 |   N/A |   N/A |  29.8 | 2279.0
               +-------+-------+-------+-------+-------+----------------------
